 Seeded DCSS version 0.27-a0-1347-gd8886f0a89 (webtiles) character file.

Game seed: 4057071836701106858 (custom seed)

3559 sanka the Nimble (level 10, 0/77 HPs)
             Began as a Djinni Conjurer on June 26, 2021.
             Was an Initiate of Makhleb.
             Slain by a centaur (4 damage)
             ... on level 7 of the Dungeon on June 27, 2021.
             The game lasted 00:21:42 (10440 turns).

sanka the Nimble (Djinni Conjurer)                 Turns: 10440, Time: 00:21:42

Health: 0/77       AC:  5    Str: 11    XL:     10   Next: 30%
Gold:   165        EV: 18    Int: 29    God:    Makhleb [......] SH:  0 Dex: 19

rFire    + + .     SeeInvis .   a - +5 dagger of the Reaper {venom, Int+7}
rCold    x . .     Faith    .   (no shield)
rNeg     . . .     Spirit   .   z - +0 robe of Dogmatism {Str+5 Dex+6 Slay+3}
rPois    ∞         Reflect  .   k - +0 helmet
rElec    .         Harm     .   A - +0 cloak
rCorr    .         Rampage  .   m - +0 pair of gloves
Will     +....                  (boots unavailable)
Stlth    ++........             (no amulet)
HPRegen  0.22/turn              (no ring)
MPRegen  0.00/turn              (no ring)

@: flying
A: sickness immunity, fire resistance 2, cold vulnerability 1, float, innate
caster, hp casting, extra vitality 1
a: Renounce Religion


You were on level 7 of the Dungeon.
You worshipped Makhleb.
Makhleb was noncommittal.
You visited 1 branch of the dungeon, and saw 7 of its levels.
You also visited: Sewer.

You collected 284 gold pieces.
You spent 119 gold pieces at shops.


Innate Abilities, Weirdness & Mutations

You are immune to sickness and miasma.
You are immune to poison.
Your flesh is very heat resistant. (rF++)
You are vulnerable to cold. (rC-)
You float through the air rather than walking.
You learn spells naturally, not from books.
Your magical power is your life essence.
You have superior vitality. (+4 HP)


   Skills:
 + Level 8.7 Fighting
 + Level 9.9 Dodging
 - Level 1.5 Stealth
 - Level 6.1 Spellcasting


You couldn't memorise any spells.
You knew the following spells:

 Your Spells              Type           Power      Damage    Failure   Level
c - Iskenderun's Mystic   Conj/Tloc      44%        2d10      4%          4
i - Lesser Beckoning      Tloc           22%        N/A       1%          3
u - Magic Dart            Conj           100%       1d8       1%          1
v - Gell's Gravitas       Tloc           22%        N/A       1%          3
x - Searing Ray           Conj           88%        3d6       1%          2
y - Dazzling Flash        Conj/Hex       88%        N/A       1%          3
z - Shock                 Conj/Air       100%       1d9       1%          1
X - Static Discharge      Conj/Air       44%        N/A       1%          2
Z - Fulminant Prism       Conj/Hex       22%        3d13      4%          4
Your spell library was empty.

Inventory:

Hand Weapons
 a - the +5 dagger of the Reaper (weapon) {venom, Int+7}

   It poisons the flesh of those it strikes.
   Int:       It affects your intelligence (+7).
 b - a +0 halberd
 B - a +2 quarterstaff of chaos
 D - the +7 pair of quick blades "Gyre" and "Gimble" {protect}

   It grants its wielder temporary protection when it strikes (+7 to AC).
Armour
 k - a +0 helmet (worn)
 m - a +0 pair of gloves (worn)
 z - the +0 robe of Dogmatism (worn) {Str+5 Dex+6 Slay+3}

   Str:       It affects your strength (+5).
   Dex:       It affects your dexterity (+6).
   Slay:      It affects your accuracy & damage with ranged weapons and melee
   (+3).
 A - a +0 cloak (worn)
Wands
 E - a wand of iceblast (6)
Scrolls
 c - 7 scrolls of teleportation {unknown}
 e - 2 scrolls of enchant weapon {unknown}
 f - 5 scrolls of identify {unknown}
 g - 3 scrolls of immolation {unknown}
 h - 4 scrolls of fog {unknown}
 t - a scroll of fear {unknown}
 v - a scroll of noise {unknown}
 w - a scroll of summoning {unknown}
 x - 2 scrolls of amnesia {unknown}
 y - a scroll of silence {unknown}
Potions
 d - a potion of ambrosia {unknown}
 i - a potion of curing {unknown}
 j - a potion of mutation {unknown}
 l - 2 potions of cancellation
 n - 2 potions of degeneration {unknown}
 o - a potion of haste {unknown}
 p - 2 potions of might {unknown}
 q - a potion of flight {unknown}
 r - 3 potions of heal wounds {unknown}
 s - a potion of brilliance {unknown}
 u - a potion of magic {unknown}
 C - 2 potions of attraction {unknown}

Dungeon Overview and Level Annotations

Branches:
Dungeon (7/15)             Temple (0/1) D:7           Sewer (visited)

Altars:
Cheibriados
Hepliaklqana
Makhleb
Okawaru
Vehumet
Xom
Zin
The Shining One

Shops:
D:4 [   D:5 ==*[ D:6

( ....▒▒▒.▒...........
. ........▒...........
...⌠..▒..)............
..../.▒......?........
.>.(........)..c......
......▒.......).......
...⌠..▒£..............
........▒▒▒...........
......▒..R▒.......(...
▒.▒▒.▒▒...c.........▒.
▒.............▒▒.▒
▒▒...▒▒........▒
▒▒.▒▒▒.........▒ ▒▒
▒▒▒▒......▒ ▒▒......▒
..[..... .......


You could see a centaur.


Message History

The zap hits the centaur.
The centaur is moderately wounded.
* * * LOW HITPOINT WARNING * * *
The centaur wields a +0 shortbow.
The centaur shoots an arrow.
The arrow hits you.
* * * LOW HITPOINT WARNING * * *
The centaur shoots an arrow.
The arrow hits you!
* * * LOW HITPOINT WARNING * * *
The centaur shoots an arrow.
The arrow barely misses you.
The centaur shoots an arrow.
The arrow hits you.
* * * LOW HITPOINT WARNING * * *
Found a staircase to the Ecumenical Temple.
The centaur shoots an arrow.
The arrow hits you.
* * * LOW HITPOINT WARNING * * *
The centaur shoots an arrow.
The arrow misses you.
The centaur unwields a +0 shortbow.
The centaur closely misses you.
The centaur kicks you but does no damage.
The centaur hits you but does no damage.
The centaur barely misses you.
It was a potion of cancellation.
You feel magically purged. The centaur hits you.
You die...

Action                   |  1- 3 |  4- 6 |  7- 9 | 10-12 || total
-------------------------+-------+-------+-------+-------++-------
Melee: Halberd           |       |    22 |       |       ||    22
       Dagger            |       |     5 |    42 |    10 ||    57
 Cast: Magic Dart        |    74 |   116 |    26 |     9 ||   225
       Searing Ray       |     1 |     8 |    18 |     5 ||    32
       Dazzling Flash    |       |     1 |     1 |       ||     2
       Shock             |       |       |    46 |    26 ||    72
       Fulminant Prism   |       |       |    13 |     4 ||    17
       Static Discharge  |       |       |     2 |     1 ||     3
  Use: Potion            |       |       |       |     1 ||     1
 Stab: Sleeping          |       |     1 |       |       ||     1
Armor: Robe              |     1 |     5 |    14 |     4 ||    24
Dodge: Dodged            |     3 |    15 |    47 |    11 ||    76

Levels and vault maps discovered:
D:1:      saegor_arrival_simple_c, layout_rooms,
          shapermc_ecumenical_altar_mp_urbaneastern
D:2:      layout_loops_ring, uniq_natasha, uniq_robin
D:3:      layout_basic, chequers_temple_overflow_statue_of_worship
D:4:      layout_basic, cheibrodos_sewer_entry_sluice, serial_shops,
          nicolae_diamond_shop
D:5:      layout_basic, grunt_temple_overflow_champion_of_chaos,
          nicolae_hepliaklqana_ecumenical_no_more, minmay_strange_pillars,
          grunt_ministairs_11, minmay_misc_feat_tower, minmay_shop_grid_forest,
          uniq_edmund, uniq_crazy_yiuf_cottage
D:6:      layout_basic, vehumet_statue, gammafunk_ghost_split, serial_shops,
          shop, minmay_pentangle
D:7:      layout_cave_pools, minmay_temple_entry_large_hall, uniq_maggie

Notes
Turn   | Place    | Note
-------+----------+-------------------------------------------
     0 | D:1      | sanka the Djinni Conjurer began the quest for the Orb.
     0 | D:1      | Reached XP level 1. HP: 15/15 MP: 0/0
   104 | D:1      | Reached XP level 2. HP: 11/21 MP: 0/0
   618 | D:1      | Reached XP level 3. HP: 24/25 MP: 0/0
   618 | D:1      | Learned a level 1 spell: Shock
   717 | D:1      | Found a faded altar of an unknown god.
   888 | D:1      | Reached skill level 4 in Spellcasting
  1479 | D:2      | Noticed Robin
  1484 | D:2      | Killed Robin
  1485 | D:2      | Reached XP level 4. HP: 23/31 MP: 0/0
  2089 | D:2      | Noticed Natasha
  2096 | D:2      | Killed Natasha
  2097 | D:2      | Reached XP level 5. HP: 8/35 MP: 0/0
  2097 | D:2      | Learned a level 2 spell: Static Discharge
  2958 | D:3      | Reached skill level 5 in Spellcasting
  2966 | D:3      | Found a glowing golden altar of the Shining One.
  2967 | D:3      | Found a snail-covered altar of Cheibriados.
  2967 | D:3      | Found an iron altar of Okawaru.
  3513 | D:3      | Found a glowing silver altar of Zin.
  3695 | D:4      | Reached XP level 6. HP: 34/40 MP: 0/0
  3822 | D:4      | Found a glowing drain.
  3885 | Sewer    | Entered a sewer
  4890 | D:4      | Reached skill level 6 in Spellcasting
  4890 | D:4      | Reached XP level 7. HP: 40/45 MP: 0/0
  4890 | D:4      | Learned a level 3 spell: Gell's Gravitas
  5385 | D:4      | Identified the +5 dagger of the Reaper {venom, Int+7}
  5618 | D:4      | Found Kiowugia's Antique Armour Boutique.
  5675 | D:4      | Bought a wizard robe for 119 gold pieces
  5675 | D:4      | Identified the +0 robe of Dogmatism {Str+5 Dex+6 Slay+3}
                  | (You bought it in a shop on level 4 of the Dungeon)
  5878 | D:4      | Reached skill level 1 in Fighting
  5878 | D:4      | Reached skill level 3 in Dodging
  5975 | D:5      | Entered Level 5 of the Dungeon
  6034 | D:5      | Reached skill level 2 in Fighting
  6132 | D:5      | Found a faded altar of an unknown god.
  6132 | D:5      | Found a faded altar of an unknown god.
  6134 | D:5      | Found a hazy altar of Hepliaklqana.
  6273 | D:5      | Found a burning altar of Makhleb.
  6273 | D:5      | Found a shimmering altar of Xom.
  6281 | D:5      | Became a worshipper of Makhleb the Destroyer
  6332 | D:5      | Found Helappan's Antique Armour Emporium.
  6334 | D:5      | Found Gim Sir's Jewellery Emporium.
  6334 | D:5      | Found Juaces's Assorted Antiques.
  6335 | D:5      | Found Hucuhun's Jewellery Emporium.
  6376 | D:5      | Noticed Edmund
  6382 | D:5      | Killed Edmund
  6383 | D:5      | Reached skill level 3 in Fighting
  6383 | D:5      | Reached skill level 4 in Dodging
  6383 | D:5      | Reached XP level 8. HP: 45/56 MP: 0/0
  6457 | D:5      | Noticed a yak
  6458 | D:5      | Noticed a yak
  6463 | D:5      | Noticed a yak
  6463 | D:5      | Killed a yak
  6463 | D:5      | Killed a yak
  6464 | D:5      | Reached skill level 4 in Fighting
  6464 | D:5      | Reached skill level 5 in Dodging
  6468 | D:5      | Killed a yak
  6962 | D:5      | Reached skill level 5 in Fighting
  6962 | D:5      | Reached skill level 6 in Dodging
  7248 | D:5      | Found a runed translucent door.
  7249 | D:5      | Noticed Crazy Yiuf
  7603 | D:5      | Killed Crazy Yiuf
  7687 | D:5      | Upgraded the game from 0.27-a0-1334-g2746e35aca to
                  | 0.27-a0-1347-gd8886f0a89
  7758 | D:6      | Noticed a troll
  7768 | D:6      | Reached XP level 9. HP: 63/65 MP: 0/0
  7768 | D:6      | Learned a level 3 spell: Lesser Beckoning
  7791 | D:6      | Reached skill level 7 in Dodging
  7797 | D:6      | Reached skill level 6 in Fighting
  8268 | D:6      | Found Jibla's Antique Weapon Emporium.
  8514 | D:6      | Found a runed translucent gate.
  8514 | D:6      | Found a runed translucent gate.
  8514 | D:6      | Noticed askman's ghost (novice DsFi)
  8515 | D:6      | Found a runed translucent gate.
  8835 | D:6      | Found the +7 pair of quick blades "Gyre" and "Gimble"
                  | {protect}
  8996 | D:6      | Reached skill level 7 in Fighting
  8996 | D:6      | Reached skill level 8 in Dodging
  9424 | D:5      | Killed askman's ghost
  9425 | D:5      | Reached XP level 10. HP: 30/76 MP: 0/0
  9667 | D:6      | Reached skill level 9 in Dodging
  9812 | D:6      | Found Jibla's Antique Weapon Emporium.
 10077 | D:6      | Reached skill level 8 in Fighting
 10407 | D:7      | Identified +0 steam dragon scales
 10407 | D:7      | Noticed Maggie
 10421 | D:7      | Killed Maggie
 10433 | D:7      | HP: 7/77 [centaur/arrow (5)]
 10435 | D:7      | Found a staircase to the Ecumenical Temple.
 10437 | D:7      | HP: 3/77 [centaur/arrow (4)]
 10440 | D:7      | Slain by a centaur

Vanquished Creatures
  The ghost of askman the Spawn of Chaos, a novice DsFi of Makhleb (D:5)
  Maggie (D:7)
  A troll (D:6)
  3 yaks (D:5)
  Edmund (D:5)
  4 black bears
  An ice beast (D:6)
  An orc warrior (D:6)
  2 sky beasts
  3 ogres
  A centaur (D:6)
  2 phantoms
  A kobold brigand (D:6)
  A bullfrog (D:6)
  A wyvern zombie (D:7)
  3 wights (D:7)
  A crimson imp (D:5)
  A hound (D:5)
  A bullfrog skeleton (D:7)
  A centaur skeleton (D:6)
  An orc priest (D:6)
  Crazy Yiuf (D:5)
  Natasha (D:2)
  3 iguanas (D:6)
  4 orc wizards
  A statue (D:6)
  Robin (D:2)
  3 gnolls (D:3)
  10 adders
  2 shadow imps
  A white imp (D:7)
  2 ufetubi
  2 adder zombies (D:5)
  4 worms
  2 dart slugs
  21 orcs
  5 bats
  5 endoplasms
  5 giant cockroaches
  13 goblins
  13 hobgoblins
  9 jackals
  2 quokkas
  9 ball pythons
  6 frilled lizards
  16 kobolds
  2 rats
175 creatures vanquished.

Vanquished Creatures (others)
  17 fulminant prisms
  7 plants (Sewer)
24 creatures vanquished.

Grand Total: 199 creatures vanquished
